 Dungeon Crawl Stone Soup version 0.28.0 (webtiles) character file.

Game seed: 13544513421003255488

17 MacCMillion the Skirmisher (level 2, -2/27 HPs)
             Began as a Hill Orc Fighter on Feb 18, 2022.
             Slain by a scorpion (3 damage)
             ... on level 2 of the Dungeon.
             The game lasted 00:01:05 (725 turns).

MacCMillion the Skirmisher (Hill Orc Fighter)        Turns: 725, Time: 00:01:06

Health: -2/27      AC:  6    Str: 18    XL:     2   Next: 62%
Magic:  2/2        EV:  9    Int:  8    God:
Gold:   16         SH:  4    Dex: 10    Spells: 1/1 levels left

rFire   . . .      SeeInvis .   a - +0 war axe
rCold   . . .      Faith    .   c - +0 buckler
rNeg    . . .      Spirit   .   b - +0 scale mail
rPois   .          Reflect  .   (no helmet)
rElec   .          Harm     .   (no cloak)
rCorr   .          Rampage  .   (no gloves)
Will    .....                   (no boots)
Stlth   ..........              (no amulet)
HPRegen 0.09/turn               (no ring)
MPRegen 0.08/turn               (no ring)

@: no status effects
A: no striking features
a: no special abilities


You were on level 2 of the Dungeon.
You visited 1 branch of the dungeon, and saw 2 of its levels.

You collected 16 gold pieces.

Inventory:

Hand Weapons
 a - a +0 war axe (weapon)
Armour
 b - a +0 scale mail (worn)
 c - a +0 buckler (worn)
Jewellery
 e - a ring of magical power
Scrolls
 f - a scroll of magic mapping {unknown}
 g - a scroll of vulnerability {unknown}
 h - a scroll of identify {unknown}
Potions
 d - a potion of might
 i - a potion of cancellation {unknown}


   Skills:
 + Level 3.9 Fighting
 * Level 3.3 Axes
 + Level 3.5 Armour
 + Level 3.5 Shields


You had one spell level left.
You didn't know any spells.
Your spell library was empty.

Dungeon Overview and Level Annotations

Branches:
Dungeon (2/15)

Altars:


Message History

A scorpion is nearby!
Found a scroll labelled DOFITO UBOESS.
You barely miss the frilled lizard.
The frilled lizard bites you but does no damage. x2
You slash the frilled lizard!
You kill the frilled lizard!
You closely miss the scorpion. The scorpion stings you.
You are poisoned.
The scorpion poisons you!
The scorpion stings you but does no damage.
You hit the scorpion but do no damage.
You feel very sick. You block the scorpion's attack.
The scorpion stings you but does no damage.
You hit the scorpion.
The scorpion is moderately wounded.
You feel very sick. The scorpion barely misses you.
The scorpion closely misses you.
You hit the scorpion.
The scorpion is heavily wounded.
You feel sick. The scorpion stings you.
You hit the scorpion but do no damage.
The scorpion is heavily wounded.
You feel sick. You block the scorpion's attack.
The scorpion stings you but does no damage.
You closely miss the scorpion.
The scorpion is heavily wounded.
You feel sick. The scorpion misses you.
The scorpion stings you but does no damage.
You barely miss the scorpion.
The scorpion is heavily wounded.
You feel sick. The scorpion stings you!
* * * LOW HITPOINT WARNING * * *
You hit the scorpion but do no damage.
The scorpion is heavily wounded.
* * * LOW HITPOINT WARNING * * *
You feel sick.
You are no longer poisoned.
The scorpion stings you.
You die...

..........#........
.......##.#.#####..
.....).........#
......###.####.#
###### #.# #.# #...
#.# #.##!#.#
#......####.##.#
####.##.@s.....# #.
#.###..... . #.#
### ## ... ....
...... #......
#..?....


You could see a scorpion.

Vanquished Creatures
  A worm (D:2)
  A ball python (D:2)
  2 endoplasms (D:1)
  A hobgoblin (D:1)
  3 jackals (D:1)
  2 kobolds (D:1)
  2 frilled lizards (D:2)
  A goblin (D:1)
  A rat (D:1)
14 creatures vanquished.

Notes
Turn   | Place    | Note
-------+----------+-------------------------------------------
     0 | D:1      | MacCMillion the Hill Orc Fighter began the quest for the
                  | Orb.
     0 | D:1      | Reached XP level 1. HP: 19/19 MP: 1/1
   173 | D:1      | Reached XP level 2. HP: 27/27 MP: 2/2
   233 | D:1      | Found a faded altar of an unknown god.
   713 | D:2      | Noticed a scorpion
   725 | D:2      | HP: 1/27 [poisoned by a scorpion]
   725 | D:2      | Slain by a scorpion

Illustrated notes

Levels and vault maps discovered:
D:1:      zaba_arrival_water, layout_loops_ring,
          hellmonk_ecumenical_altar_leap_of_faith
D:2:      layout_loops_cross

Skill      XL: |  1 |
---------------+----+-----
Axes           | 3 |  3.3
Fighting       | |  3.9
Armour         | |  3.5
Shields        | |  3.5

Action                   || total
-------------------------++-------
Melee: War axe           ||    39
Armor: Scale mail        ||    17
Dodge: Dodged            ||    17
Block: Buckler           ||     8
